 Dungeon Crawl Stone Soup version 0.31.0-9-g3a7656b989 (webtiles) character file.

Game seed: 2161229450792433022

160 qw the Shooter (level 5, -2/26 HPs)
             Began as a Spriggan Hunter on Feb 2, 2024.
             Slain by an iguana (10 damage)
             ... on level 4 of the Dungeon.
             The game lasted 00:00:08 (2559 turns).

qw the Shooter (Spriggan Hunter)                    Turns: 2559, Time: 00:00:09

Health: -2/26      AC:  2    Str:  7    XL:     5   Next: 17%
Magic:  6/6        EV: 20    Int: 10    God:
Gold:   131        SH:  0    Dex: 21    Spells: 4/4 levels left

rFire   . . .        a - +0 shortbow
rCold   . . .        (shield currently unavailable)
rNeg    . . .        c - +0 robe
rPois   .            (helmet restricted)
rElec   .            (no cloak)
rCorr   .            (gloves unavailable)
SInv    +            (boots unavailable)
Will    .....        k - amulet of faith
Stlth   ++           (no ring)
HPRegen 0.24/turn    (no ring)
MPRegen 0.10/turn

%: faith
@: very quick
A: very small, no large weapons, unfitting armour, see invisible, speed 3
a: no special abilities


You were on level 4 of the Dungeon.
You visited 1 branch of the dungeon, and saw 4 of its levels.

You collected 131 gold pieces.


Innate Abilities, Weirdness & Mutations

You are very small and have problems with some larger weapons.
You are too small for most types of armour.
You have supernaturally acute eyesight. (SInv)
You cover ground extremely quickly. (Speed+++)


   Skills:
 - Level 2.0 Fighting
 + Level 5.4 Ranged Weapons
 - Level 5.0 Dodging
 - Level 1.5 Stealth


You had 4 spell levels left.
You didn't know any spells.
Your spell library was empty.

Inventory:

Hand Weapons
 a - a +0 shortbow (weapon)
Armour
 c - a +0 robe (worn)
Jewellery
 k - an amulet of faith (around neck)
Wands
 h - a wand of flame (7)
Scrolls
 b - 4 scrolls of teleportation
 l - a scroll of identify
Potions
 d - 2 potions of haste
 e - a potion of curing {unknown}
 f - a potion of cancellation {unknown}
 g - a potion of might
 i - a potion of enlightenment {unknown}
 j - a potion of resistance {unknown}

Dungeon Overview and Level Annotations

Branches:
Dungeon (4/15)
 Temple: D:4-7

Altars:
Wu Jian


Message History

A scorpion comes into view.
You shoot an arrow. The arrow hits the scorpion.
The scorpion is moderately wounded.
An iguana comes into view.
You shoot an arrow. The arrow closely misses the iguana.
You shoot an arrow.
The arrow hits the iguana but does no damage.
You shoot an arrow. The arrow hits the iguana.
The iguana is lightly wounded.
You shoot an arrow. The arrow hits the iguana.
The iguana is moderately wounded.
You shoot an arrow. The arrow hits the iguana.
The iguana is heavily wounded.
You shoot an arrow. The arrow hits the iguana.
The iguana is severely wounded.
The iguana closely misses you. x2
You shoot an arrow.
The arrow hits the iguana but does no damage.
The iguana is severely wounded.
The iguana bites you!
You shoot an arrow.
The arrow hits the iguana but does no damage.
The iguana is severely wounded.
The iguana bites you!
You shoot an arrow. The arrow hits the iguana.
The iguana is almost dead.
The iguana misses you.
You shoot an arrow. The arrow barely misses the iguana.
The iguana completely misses you.
You shoot an arrow. The arrow completely misses the iguana.
The iguana bites you but does no damage.
You shoot an arrow.
The arrow hits the iguana but does no damage.
The iguana is almost dead.
The iguana completely misses you.
You shoot an arrow. The arrow barely misses the iguana.
The iguana completely misses you.
You shoot an arrow. The arrow barely misses the iguana.
The iguana bites you!
You die...

........##..#..# ....
..##...........####....
..##.<...............#.
.......................
.....................# .
.....................#..
............##....##....
............##.......#
#..........###..@l.###
.........###############
.........#~~~~~~~~~~~~~#
..#.....##~~~~.....~~~~#
..#......#~~~.......~~~#
..#......#~~....}....~~#
.......#.#~...##.##...~#
#......#.#~...#...#...~#
##.......'...}..}..}..~#


You could see an iguana.

Vanquished Creatures
  A hound (D:4)
  5 adders
  4 dart slugs
  2 orcs (D:3)
  5 bats
  8 endoplasms
  3 giant cockroaches
  6 goblins
  5 hobgoblins
  3 jackals (D:1)
  6 kobolds
  8 quokkas
  3 ball pythons
  3 frilled lizards
  10 rats
72 creatures vanquished.

Notes
Turn   | Place    | Note
-------+----------+-------------------------------------------
     0 | D:1      | qw the Spriggan Hunter began the quest for the Orb.
     0 | D:1      | Reached XP level 1. HP: 10/10 MP: 2/2
     0 | D:1      | 0 ||| qw: Version: 0.3-a-155-g5e7d8dd
     0 | D:1      | 0 ||| qw: Game counter: 2644
     0 | D:1      | 0 ||| qw: Melee chars always use a shield: true
     0 | D:1      | 0 ||| qw: God list: Okawaru
     0 | D:1      | 0 ||| qw: Allow faded altars: false
     0 | D:1      | 0 ||| qw: Do Orc after clearing Dungeon:15 true
     0 | D:1      | 0 ||| qw: Do second Lair branch before Depths: true
     0 | D:1      | 0 ||| qw: Lair rune preference: random
     0 | D:1      | 0 ||| qw: Goals: Normal
     0 | D:1      | 0 ||| PLANNING D:1-11
    83 | D:1      | Reached skill level 3 in Dodging
   159 | D:1      | Reached XP level 2. HP: 14/14 MP: 3/3
   793 | D:1      | 793 ||| READING scroll labelled KUNASHRISSUM.
   793 | D:1      | 793 ||| IDENTIFYING murky dark potion
   794 | D:1      | 794 ||| READING scroll labelled ZAF NOFUURYZE.
   803 | D:1      | 803 ||| DRINKING 2 amethyst potions.
   804 | D:1      | 804 ||| DROPPING scroll of butterflies.
   808 | D:1      | Reached XP level 3. HP: 18/18 MP: 4/4
  1088 | D:1      | 1088 ||| READING scroll labelled IJYM NIETYEL.
  1569 | D:2      | Found an ornate altar of the Wu Jian Council.
  1778 | D:2      | 1778 ||| UPGRADING to amulet of faith.
  1783 | D:2      | 1783 ||| READING scroll labelled TYPRUOTIERCH.
  1784 | D:2      | 1784 ||| READING scroll labelled XYTHUK RIAWOORULL.
  1885 | D:2      | 1885 ||| DRINKING 2 fuming green potions.
  1886 | D:2      | 1886 ||| DROPPING potion of invisibility.
  1954 | D:3      | Reached XP level 4. HP: 22/22 MP: 5/5
  2394 | D:3      | 2394 ||| READING scroll of identify.
  2394 | D:3      | 2394 ||| IDENTIFYING orange potion
  2395 | D:3      | 2395 ||| READING 4 scrolls labelled WIUSHO ZEWECA.
  2399 | D:3      | 2399 ||| READING scroll labelled HUANNU MASHE.
  2399 | D:3      | 2399 ||| ENCHANTING +0 shortbow.
  2400 | D:3      | 2400 ||| DROPPING potion of magic.
  2477 | D:4      | Reached XP level 5. HP: 19/26 MP: 6/6
  2559 | D:4      | Slain by an iguana

Levels and vault maps discovered:
D:1:      minmay_arrival_wavy_path, layout_loops_ring, serial_forest,
          infiniplex_forest_lined_2, infiniplex_forest_straight_1,
          infiniplex_forest_end_2, infiniplex_forest_clump_long,
          infiniplex_forest_straight_2, infiniplex_forest_zigzag_1,
          infiniplex_forest_join, nicolae_kite_square_tiling_tiny,
          minmay_pentomino_p2
D:2:      layout_loops_ring, basic_altar
D:3:      layout_rooms
D:4:      layout_cave_pools, serial_column_ruins, column_ruins_grid_3,
          column_ruins_grid_1, column_ruins_grid_2,
          column_ruins_corridor_straight, column_ruins_columns_straight,
          column_ruins_open_tiny, kennysheep_generic_room_2

Skill      XL: |  1  2  3  4 |
---------------+-------------+-----
Dodging        | 3 4 5 |  5.0
Ranged Weapons | 5 |  5.4
Fighting       | 2 |  2.0
Stealth        | |  1.5

Action                     |  1- 3 |  4- 6 || total
---------------------------+-------+-------++-------
   Fire: Shortbow          |    90 |   108 ||   198
    Use: Scroll            |     5 |     3 ||     8
         Potion            |     2 |       ||     2
 Armour: Robe              |     9 |    23 ||    32
  Dodge: Dodged            |    21 |    61 ||    82

Table legend:
 A = Non-vault XP
 B = Vault XP
 C = Vault XP percentage of total XP
 D = Non-vault monster count
 E = Vault monster count
 F = Vault count percentage of total count
                 A         B        C        D         E       F
            +---------+---------+-------+---------+---------+-------
      Total |     183 |      46 |  20.1 |      70 |       2 |   2.8
            +---------+---------+-------+---------+---------+-------
        D:1 |      41 |       1 |   2.4 |      26 |       1 |   3.7
        D:2 |      37 |       0 |   0.0 |      14 |       0 |   0.0
        D:3 |      85 |       0 |   0.0 |      25 |       0 |   0.0
        D:4 |      20 |      45 |  69.2 |       5 |       1 |  16.7
            +---------+---------+-------+---------+---------+-------
